 Dungeon Crawl Stone Soup version 0.19.0 (webtiles) character file.

70 Kullungy the Ruffian (level 4, -3/66 HPs)
             Began as a Troll Monk on Nov 1, 2016.
             Slain by a gnoll
             ... wielding a cursed -1 halberd
              (11 damage)
             ... on level 2 of the Dungeon.
             The game lasted 00:06:46 (1233 turns).

Kullungy the Ruffian (Troll Monk)                   Turns: 1233, Time: 00:06:47

Health: -3/66      AC:  5    Str: 29    XL:     4   Next: 3%
Magic:  3/3        EV: 11    Int:  6    God:
Gold:   43         SH:  0    Dex: 12    Spells: 0 memorised, 3 levels left

rFire  . . .     SeeInvis .       - Unarmed
rCold  . . .     Gourm    +     a - +0 robe
rNeg   . . .     Faith    .     (no shield)
rPois  .         Spirit   .     (helmet restricted)
rElec  .         Reflect  .     (no cloak)
rCorr  .         Harm     .     (gloves unavailable)
MR     .....                    (boots unavailable)
Stlth  ..........               u - amulet of rage
                                w - +4 ring of strength
                                m - ring of loudness (curse)

@: berserking (expiring), very quick
A: unfitting armour, claws 3, fast metabolism 3, gourmand, regeneration 1,
shaggy fur 1, tough skin 2
a: Evoke Berserk Rage


You were on level 2 of the Dungeon.
You were not hungry.

You visited 1 branch of the dungeon, and saw 2 of its levels.

You collected 43 gold pieces.

Inventory:

Hand Weapons
 c - a +0 club
 n - a +0 dagger
 p - a +0 short sword
 s - a +0 club
 B - a +0 short sword
 C - a +0 short sword
Missiles
 d - 138 stones (quivered)
Armour
 a - a +0 robe (worn)
 e - a +0 leather armour
 i - a +3 ring mail
 l - a +0 chain mail
 y - a +3 scale mail
Jewellery
 m - a cursed ring of loudness (left claw)
 u - an amulet of rage (around neck)
 w - a +4 ring of strength (right claw)
Scrolls
 h - a scroll of teleportation {unknown}
 q - a scroll of remove curse {unknown}
 t - 2 scrolls of amnesia {unknown}
 v - a scroll of identify
 A - 3 scrolls of fear
Potions
 f - a potion of berserk rage
 j - a potion of heal wounds {unknown}
 k - a potion of mutation {unknown}
 o - a potion of cancellation {unknown}
 x - a potion of might {unknown}
Comestibles
 b - a bread ration
 g - a beef jerky
 r - a meat ration


   Skills:
 + Level 2.8 Fighting
 + Level 3.2 Dodging
 + Level 1.1 Stealth
 + Level 3.6 Unarmed Combat
 + Level 0.1 Evocations


You had 3 spell levels left.
You didn't know any spells.

Dungeon Overview and Level Annotations

Branches:
Dungeon (2/15)

Altars:


Innate Abilities, Weirdness & Mutations

You are too large for most types of armour.
You have claws for hands.
Your metabolism is lightning-fast.
You like to eat raw meat.
Your natural rate of healing is unusually fast.
You are covered in fur. (AC +1)
You have very tough skin. (AC +2)


Message History

You claw the gnoll!
You kill the gnoll!
The gnoll closely misses you. The gnoll barely misses you.
You scratch the gnoll.
The gnoll is moderately wounded.
The gnoll barely misses you.
You claw the gnoll!
You kill the gnoll!
The kobold throws a stone.
The stone barely misses you.
The gnoll hits you from afar with a spear.
* * * LOW HITPOINT WARNING * * *
The gnoll closely misses you. The kobold hits you with a dagger.
* * * LOW HITPOINT WARNING * * *
You see here a gnoll corpse.
You claw the gnoll!
You kill the gnoll!
You have reached level 4!
The gnoll hits you with an enchanted halberd!
You die...

####..)..# #.#
####.....##..........
#
.....#'####.........
# ...#.#.# #........#
# ##.#.#.# #........#
# ...#.#.# #........#
# .###.#.# #.....w..#
# <....#.# #....K)g.#
######.# #....)@..#
#.# ######(### #.####
#(# #....# #.# #....#
#.# .. #####....# #.#
# #........# #.#
#........# #.#
#........# #.#


You could see a worm, a gnoll and a kobold.

Vanquished Creatures
  3 gnolls (D:2)
  An adder (D:2)
  A worm (D:2)
  4 leopard geckos
  A bat (D:2)
  A giant cockroach (D:1)
  4 goblins
  4 hobgoblins
  2 frilled lizards
  3 kobolds
  A rat (D:1)
25 creatures vanquished.

Notes
Turn   | Place    | Note
-------+----------+-------------------------------------------
     0 | D:1      | Kullungy the Troll Monk began the quest for the Orb.
     0 | D:1      | Reached XP level 1. HP: 22/22 MP: 0/0
   506 | D:1      | Reached XP level 2. HP: 24/29 MP: 1/1
  1157 | D:2      | Reached XP level 3. HP: 32/36 MP: 2/2
  1233 | D:2      | Reached XP level 4. HP: 7/44 MP: 3/3
  1233 | D:2      | Slain by a gnoll

Skill      XL: |  1  2 |
---------------+-------+-----
Dodging        | 3 |  3.2
Fighting       | |  2.8
Stealth        | |  1.1
Unarmed Combat | |  3.6
Evocations     | |  0.1

Action                   |  1- 3 |  4- 6 || total
-------------------------+-------+-------++-------
Melee: Unarmed           |    60 |       ||    60
 Abil: Evoke Berserk Rag |     1 |       ||     1
  Use: Scroll            |     4 |       ||     4
  Eat: Chunk             |     7 |       ||     7
       Bread ration      |     1 |       ||     1
Armor: Robe              |    18 |       ||    18
Dodge: Dodged            |    41 |       ||    41
